 Dungeon Crawl Stone Soup version 0.29.1-2-gbd0b4ee654 (webtiles) character file.

Game seed: 15144469469245306711

23592 DoIIoM the Geomancer (level 13, -2/96 HPs)
             Began as an Octopode Earth Elementalist on Nov 30, 2022.
             Was an Elder of Vehumet.
             Shot with an arrow by a centaur warrior (27 damage)
             ... on level 13 of the Dungeon on Dec 1, 2022.
             The game lasted 01:41:24 (23096 turns).

DoIIoM the Geomancer (Octopode Earth Elementalist) Turns: 23096, Time: 01:41:25

Health: -2/96      AC:  5    Str:  9    XL:     13   Next: 7%
Magic:  29/37      EV: 13    Int: 27    God:    Vehumet [****..]
Gold:   1579       SH:  5    Dex: 14    Spells: 25/35 levels left

rFire   . . .      SeeInvis +   S - staff of earth
rCold   . . .      Faith    .   (no shield)
rNeg    + . .      Spirit   .   (helmet restricted)
rPois   .          Reflect  +   w - amulet of reflection
rElec   .          Harm     .   p - +6 ring of intelligence
rCorr   .          Rampage  .   C - +4 ring of protection
Will    +....                   L - ring of Red Wine {rN+ Will+ Str+2 SInv}
Stlth   +++.......              T - ring of wizardry
HPRegen 0.26/turn               U - ring of magical power
MPRegen 0.25/turn               (no ring)
                                (no ring)
                                (no ring)

@: no status effects
A: almost no armour, amphibious, 8 rings, camouflage 1, gelatinous body 1,
(nimble swimmer 1), tentacles
a: Renounce Religion


You were on level 13 of the Dungeon.
You worshipped Vehumet.
Vehumet was greatly pleased with you.
You visited 4 branches of the dungeon, and saw 17 of its levels.

You collected 2293 gold pieces.
You spent 714 gold pieces at shops.

Inventory:

Hand Weapons
 o - a +2 vampiric dagger
 t - a +2 dagger of speed
 x - a +0 trident
 F - a +1 trident of flaming
 V - a +2 dagger of protection
Armour
 Q - an orb of guile
Magical Staves
 S - a staff of earth (weapon)
Jewellery
 p - a +6 ring of intelligence (left tentacle)
 w - an amulet of reflection (around mantle)
 C - a +4 ring of protection (right tentacle)
 D - an amulet of the acrobat
 G - an amulet of faith
 L - the ring of Red Wine (on tentacle) {rN+ Will+ Str+2 SInv}
   (You acquired it on level 8 of the Dungeon)

   [ring of see invisible]

   Str:       It affects your strength (+2).
   rN:        It protects you from negative energy.
   SInv:      It lets you see invisible.
   Will:      It increases your willpower.
 T - a ring of wizardry (on tentacle)
 U - a ring of magical power (on tentacle)
Wands
 b - a wand of polymorph (10)
 i - a wand of flame (14)
 v - a wand of charming (6)
 J - a wand of mindburst (16)
 M - a wand of roots (7)
Scrolls
 c - 3 scrolls of immolation
 d - a scroll of amnesia {unknown}
 e - 3 scrolls of butterflies
 f - 8 scrolls of teleportation
 j - 3 scrolls of enchant weapon
 l - 2 scrolls of poison
 n - a scroll of fear
 y - a scroll of silence {unknown}
 B - a scroll of magic mapping {unknown}
 E - 3 scrolls of blinking
 I - 2 scrolls of summoning {unknown}
 K - a scroll of torment {unknown}
 O - a scroll of noise {unknown}
Potions
 a - 2 potions of magic
 g - 4 potions of flight
 h - a potion of cancellation
 k - 2 potions of attraction
 m - 5 potions of curing
 q - 3 potions of brilliance
 r - 4 potions of heal wounds
 s - a potion of berserk rage
 u - 3 potions of lignification
 z - a potion of might
 A - a potion of haste
 H - a potion of ambrosia
 N - a potion of mutation
 P - a potion of invisibility
 R - a potion of resistance


   Skills:
 + Level 11.9 Fighting
 - Level 2.0 Dodging
 - Level 3.1 Stealth
 + Level 11.5 Spellcasting
 + Level 5.1 Conjurations
 - Level 1.0 Transmutations
 + Level 12.6 Earth Magic


You had 25 spell levels left.
You knew the following spells:

 Your Spells              Type           Power      Damage    Failure   Level
a - Sandblast             Erth           100%       2d20      0%          1
b - Stone Arrow           Conj/Erth      100%       3d13      1%          3
c - Passwall              Tmut/Erth      56%        N/A       1%          2
d - Petrify               Tmut/Erth      68%        N/A       1%          4

Your spell library contained the following spells:

 Spells                   Type           Power      Damage    Failure   Level
 Frozen Ramparts          Ice            30%        1d5       1%          3
 Tukima's Dance           Hex            15%        N/A       4%          3
 Yara's Violent Unravell  Hex/Tmut       9%         3d6       10%         5
 Passage of Golubria      Tloc           15%        N/A       16%         4


Dungeon Overview and Level Annotations

Branches:
Dungeon (13/15)            Temple (1/1) D:6            Lair (1/5) D:8
    Orc (2/2) D:10            Elf (0/3) Orc:2
 Vaults: D:13-14

Altars:
Ashenzari
Cheibriados
Dithmenos
Elyvilon
Fedhas
Gozag
Hepliaklqana
Kikubaaqudgha
Makhleb
Nemelex Xobeh
Okawaru
Qazlal
Ru
Sif Muna
Trog
Uskayaw
Vehumet
Wu Jian
Xom
Yredelemnul
Zin
The Shining One

Shops:
D:4 (   D:8 (   D:9 !   Orc:2 =*[=??

Annotations:
D:3 2 transporters, Tyszek's ghost, amateur MiFi
D:7 2 transporters, DildoBatman's ghost, journeyman FoCj
Orc:2 3 runed translucent doors, ImASeal's ghost, journeyman TrFi


Innate Abilities, Weirdness & Mutations

You cannot wear most types of armour.
You are amphibious.
You can wear up to eight rings at the same time.
Your skin changes colour to match your surroundings (Stealth+).
Your rubbery body absorbs attacks. (AC +1, EV +1)
((You are camouflaged when in or above water. (Stealth+)))
You have tentacles for arms and can constrict up to eight enemies at once.


Message History

Aim: a centaur warrior, wielding a +0 shortbow (wandering, hasn't noticed you, 84% to hit)
You feel a surge of power!
The stone arrow hits the centaur warrior!
The centaur warrior is lightly wounded.
The centaur warrior shouts!
The centaur warrior shoots an arrow.
The arrow hits you!
Unknown command.
Casting: Stone Arrow (safe; 1% risk of failure)
Confirm with . or Enter, or press ? or * to list all spells.
Aiming: Stone Arrow (safe; 1% risk of failure)
Press: ? - help, Shift-Dir - straight line, f/p - centaur warrior
Aim: a centaur warrior, wielding a +0 shortbow (lightly wounded, 84% to hit)
You feel a surge of power!
The stone arrow misses the centaur warrior.
The centaur warrior shoots an arrow.
The arrow hits you!!
Unknown command.
Casting: Stone Arrow (safe; 1% risk of failure)
Confirm with . or Enter, or press ? or * to list all spells.
Aiming: Stone Arrow (safe; 1% risk of failure)
Press: ? - help, Shift-Dir - straight line, f/p - centaur warrior
Aim: a centaur warrior, wielding a +0 shortbow (lightly wounded, 84% to hit)
You feel a surge of power!
The stone arrow hits the centaur warrior!
The centaur warrior is moderately wounded.
The centaur warrior shoots an arrow.
The arrow hits you!!
Casting: Stone Arrow (safe; 1% risk of failure)
Confirm with . or Enter, or press ? or * to list all spells.
Aiming: Petrify (mildly dangerous; 1% risk of failure)
Press: ? - help, Shift-Dir - straight line, f/p - centaur warrior
Aim: a centaur warrior, wielding a +0 shortbow (moderately wounded, chance to affect: 63%)
Okay, then.
The centaur warrior shoots an arrow.
You reflect the arrow off an invisible shield around you!
The arrow hits the centaur warrior!!
The centaur warrior shoots an arrow.
The arrow hits you!
The centaur warrior shoots an arrow.
The arrow hits you.
* * * LOW HITPOINT WARNING * * *
There is a stone staircase leading up here.
The centaur warrior shoots an arrow.
The arrow hits you!!
You die...

#...#.....#.#...##
#................##
#..########.###...###
#..............#....##
####
#.#########.##.#.....##
##...
...............#...#..##
##....
###########.#..#..^....###
#..... #....#.#.#.#...##
#.... ##...#@.........##
#...
#...#..^#..###..######
#.......c............c
#..######..####.######
#..#........# #.######
####.......#...# #.#.....
#...#.#.##.#...###.#.####
#.#.#.#.##.#...(.......##
#.#.#.#.##.#.......#...##


You could see a centaur warrior.

Vanquished Creatures
  A boulder beetle (D:11)
  2 two-headed ogres (D:11)
  An orc high priest (Orc:2)
  6 orc sorcerers (Orc:2)
  3 cyclopes
  An ugly thing (D:13)
  Maurice (D:10)
  2 gargoyles
  3 komodo dragons
  An unseen horror (D:12)
  5 trolls
  A hornet (D:9)
  10 slime creatures
  Sigmund (D:2)
  32 yaks
  A wraith (D:10)
  2 steam dragons (D:9)
  A warg (Orc:1)
  An acid dragon (D:13)
  2 water moccasins
  2 black bears
  3 ogres
  25 orc warriors
  An ice beast (D:7)
  3 kobold brigands
  7 bullfrogs
  2 necrophages (D:6)
  A gnoll sergeant (D:6)
  7 wights (D:8)
  6 killer bees
  A howler monkey (D:8)
  A jelly (D:7)
  7 hounds
  A gnoll bouda (D:9)
  26 orc priests
  Crazy Yiuf (D:7)
  2 iguanas
  41 orc wizards
  Robin (D:4)
  5 adders
  10 gnolls
  13 white imps
  A worm (D:4)
  2 dart slugs
  107 orcs
  4 ball pythons
  3 endoplasms
  3 giant cockroaches
  20 goblins
  9 hobgoblins
  3 jackals (D:1)
  6 quokkas
  2 bats
  17 kobolds
  4 rats
424 creatures vanquished.

Vanquished Creatures (others)
  An orc wizard (Orc:2)
  2 orcs (D:9)
  9 plants
12 creatures vanquished.

Grand Total: 436 creatures vanquished

Notes
Turn   | Place    | Note
-------+----------+-------------------------------------------
     0 | D:1      | DoIIoM the Octopode Earth Elementalist began the quest for
                  | the Orb.
     0 | D:1      | Reached XP level 1. HP: 11/11 MP: 3/3
    35 | D:1      | Found a faded altar of an unknown god.
   745 | D:1      | Reached XP level 2. HP: 17/17 MP: 5/5
  1392 | D:2      | Identified the +1 ring mail of Sieg {Dex+6}
  1425 | D:2      | Noticed Sigmund
  1609 | D:2      | Reached XP level 3. HP: 19/21 MP: 2/7
  1829 | D:3      | Learned a level 3 spell: Stone Arrow
  2016 | D:3      | Reached XP level 4. HP: 27/27 MP: 5/8
  2026 | D:3      | Reached skill level 4 in Earth Magic
  2247 | D:3      | Found a transporter.
  2294 | D:3      | Noticed Tyszek's ghost (amateur MiFi)
  2304 | D:3      | Reached skill level 1 in Fighting
  2304 | D:3      | Reached XP level 5. HP: 33/33 MP: 7/10
  2524 | D:3      | Found a transporter.
  2781 | D:4      | Learned a level 2 spell: Passwall
  2858 | D:4      | Noticed an ogre
  2969 | D:4      | Killed an ogre
  2970 | D:4      | Reached XP level 6. HP: 39/39 MP: 7/11
  3163 | D:4      | Noticed a black bear
  3310 | D:4      | Killed a black bear
  3311 | D:4      | Reached skill level 5 in Earth Magic
  3824 | D:4      | Found Fics's Weapon Boutique.
  3859 | D:4      | Noticed Robin
  4185 | D:4      | Reached XP level 7. HP: 46/46 MP: 8/13
  4192 | D:4      | Killed Robin
  4478 | D:5      | Entered Level 5 of the Dungeon
  5076 | D:5      | Found a shadowy altar of Dithmenos.
  5632 | D:6      | Reached skill level 5 in Spellcasting
  5757 | D:6      | Reached skill level 6 in Earth Magic
  5757 | D:6      | Reached XP level 8. HP: 44/54 MP: 0/15
  6527 | D:6      | Reached skill level 5 in Fighting
  6860 | D:6      | Found a staircase to the Ecumenical Temple.
  6867 | Temple   | Entered the Ecumenical Temple
  7353 | D:2      | Killed Sigmund
  7354 | D:2      | Reached skill level 7 in Earth Magic
  7907 | D:7      | Found a runed translucent door.
  7908 | D:7      | Noticed Crazy Yiuf
  7913 | D:7      | Killed Crazy Yiuf
  7981 | D:7      | Reached XP level 9. HP: 56/62 MP: 18/18
  8093 | D:7      | Noticed a hornet
  8325 | D:7      | Found a transporter.
  8327 | D:7      | Found a transporter.
  8667 | D:7      | Noticed DildoBatman's ghost (journeyman FoCj)
  8690 | D:7      | Identified the amulet of Uclanesm {Faith rN+}
  8692 | D:7      | Identified the +0 scale mail "Ugemod" {Int+4}
  9008 | D:8      | Found Loustra's Antique Weapon Shop.
  9066 | D:8      | Reached skill level 8 in Earth Magic
  9235 | D:8      | Found a runed translucent door.
 10333 | D:8      | Found a staircase to the Lair.
 10334 | D:8      | Noticed a komodo dragon
 10346 | D:8      | Killed a komodo dragon
 10347 | D:8      | Reached XP level 10. HP: 71/71 MP: 8/21
 10491 | D:8      | Identified 2 scrolls of acquirement
 10495 | D:8      | Acquired the ring of Red Wine {rN+ Will+ Str+2 SInv}
 10499 | D:8      | Acquired 777 gold pieces
 10645 | D:9      | Found Waekusiv's Distillery.
 10648 | D:9      | Bought a potion of heal wounds for 75 gold pieces
 10648 | D:9      | Bought a potion of curing for 45 gold pieces
 10648 | D:9      | Bought a potion of curing for 45 gold pieces
 10700 | D:9      | Reached skill level 9 in Earth Magic
 10708 | D:9      | Learned a level 4 spell: Petrify
 11590 | D:10     | Entered Level 10 of the Dungeon
 11954 | D:10     | Noticed a cyclops
 12012 | D:10     | Noticed Maurice
 12019 | D:10     | Killed Maurice
 12234 | D:10     | Reached skill level 10 in Earth Magic
 12387 | D:10     | Reached XP level 11. HP: 80/80 MP: 17/24
 12599 | D:10     | Found a radiant altar of Vehumet.
 12605 | D:10     | Became a worshipper of Vehumet
 12802 | D:10     | Found a shimmering blue altar of Sif Muna.
 13075 | D:10     | Found an iron altar of Okawaru.
 13075 | D:10     | Found an opulent altar of Gozag.
 13875 | D:11     | Noticed a two-headed ogre
 14007 | D:11     | Noticed a two-headed ogre
 14031 | D:11     | Noticed a boulder beetle
 14043 | D:11     | Killed a boulder beetle
 14308 | D:11     | Noticed a boulder beetle
 14436 | D:11     | Killed a two-headed ogre
 14437 | D:11     | Reached skill level 10 in Fighting
 14988 | D:11     | Killed a two-headed ogre
 14989 | D:11     | Reached skill level 10 in Spellcasting
 14989 | D:11     | Reached skill level 11 in Earth Magic
 15329 | D:12     | Noticed a cyclops
 15332 | D:12     | Killed a cyclops
 16064 | D:12     | Reached * piety under Vehumet
 16064 | D:12     | Offered knowledge of Foxfire by Vehumet.
 16666 | D:12     | Reached XP level 12. HP: 71/89 MP: 20/26
 17058 | D:12     | Reached skill level 1 in Conjurations
 17622 | D:10     | Found a staircase to the Orcish Mines.
 18035 | Lair:1   | Entered Level 1 of the Lair of Beasts
 18488 | Lair:1   | Noticed a five-headed hydra
 18758 | Orc:1    | Entered Level 1 of the Orcish Mines
 19020 | Orc:2    | Entered Level 2 of the Orcish Mines
 19118 | Orc:2    | Reached skill level 12 in Earth Magic
 19391 | Orc:2    | Offered knowledge of Static Discharge by Vehumet.
 19397 | Orc:2    | Reached ** piety under Vehumet
 19495 | Orc:2    | Found a radiant altar of Vehumet.
 19595 | Orc:2    | Found Ymmem's Jewellery Shoppe.
 19706 | Orc:2    | Bought a ring of magical power for 300 gold pieces
 19746 | Orc:2    | Found a staircase to the Elven Halls.
 19749 | Orc:2    | Noticed ImASeal's ghost (journeyman TrFi)
 19766 | Orc:2    | Found a runed translucent gate.
 19766 | Orc:2    | Found a runed translucent gate.
 19766 | Orc:2    | Found a runed translucent gate.
 19914 | Orc:2    | Found Seovit's Overcharged Wands.
 20280 | Orc:2    | Offered knowledge of Dazzling Flash by Vehumet.
 20793 | Orc:2    | Reached *** piety under Vehumet
 20965 | Orc:2    | Offered knowledge of Frozen Ramparts by Vehumet.
 21032 | Orc:2    | Noticed an orc high priest
 21038 | Orc:2    | Killed an orc high priest
 21372 | Orc:2    | Found Baasha's Magic Scroll Boutique.
 21373 | Orc:2    | Found Archibeh's Armour Shop.
 21374 | Orc:2    | Found Ewoijom's Jewellery Shop.
 21378 | Orc:2    | Found Voqy's Magic Scroll Boutique.
 21381 | Orc:2    | Bought a scroll of identify for 22 gold pieces
 21381 | Orc:2    | Bought a scroll of blinking for 82 gold pieces
 21381 | Orc:2    | Bought a scroll of teleportation for 33 gold pieces
 21383 | Orc:2    | Bought a scroll of identify for 32 gold pieces
 21383 | Orc:2    | Bought a scroll of identify for 32 gold pieces
 21383 | Orc:2    | Bought a scroll of teleportation for 48 gold pieces
 22009 | D:13     | Reached XP level 13. HP: 79/96 MP: 24/28
 22186 | D:13     | Reached **** piety under Vehumet
 22187 | D:13     | Reached skill level 5 in Conjurations
 23096 | D:13     | Shot with an arrow by a centaur warrior

Illustrated notes

Levels and vault maps discovered:
D:1:      zelgadis_glass_arrival_small, layout_loops_cross,
          shapermc_ecumenical_altar_flowoftime
D:2:      layout_basic, serial_curves, eino_curves_02, eino_curves_03,
          grunt_ministairs_7, uniq_sigmund
D:3:      cheibrodos_greedy_goblins, layout_basic, gammafunk_ghost_stat_death
D:4:      layout_cave_pods, serial_shops, nicolae_shop_bloodbath_and_beyond,
          minmay_quantized, uniq_robin
D:5:      layout_gridville, grunt_dithmenos_smoke
D:6:      layout_loops_cross, minmay_temple_entry_mist, minmay_statues_item
D:7:      layout_loops_cross, gammafunk_ghost_gnarly_gnolls,
          uniq_crazy_yiuf_cottage
D:8:      layout_loops_ring, david_lair_shrubbed, serial_shops,
          nicolae_diamond_shop, lightli_church_of_beogh
D:9:      layout_roguey, serial_shops, nicolae_stop_n_shop_2,
          kennysheep_minor_cross
D:10:     layout_gridville, nicolae_vehumet_altar_sigil, marbit_many_paths,
          jmf_multi_god_temple, david_orc_3, uniq_maurice
D:11:     layout_loops_ring
D:12:     layout_irregular_city, portal_ice_cave_entry_imps,
          eino_small_chamber_without_monster
D:13:     regret_index_combs_of_tragedy, layout_basic
Temple:   bh_familiar_temple
Lair:1:   layout_roguey, grunt_megastairs_1
Orc:1:    layout_caves
Orc:2:    st_orc_mages, layout_diamond_mine, gauntlet_entry_generic,
          basic_altar, lightli_volcano_entry_magma_tube, gammafunk_ghost_split,
          serial_shops, shop, nicolae_shop_overcharged_wands

Skill      XL: |  1  2  3  4  5  6  7  8  9 10 11 12 13 |
---------------+----------------------------------------+-----
Stealth        | 3 |  3.1
Spellcasting   | 3 4 5 6 7 9 10 11 | 11.5
Earth Magic    | 4 5 6 7 8 10 11 12 | 12.6
Fighting       | 1 2 3 4 5 7 9 10 11 | 11.9
Conjurations   | 4 5 |  5.1
Dodging        | |  2.0
Transmutations | |  1.0

Action                   |  1- 3 |  4- 6 |  7- 9 | 10-12 | 13-15 || total
-------------------------+-------+-------+-------+-------+-------++-------
Melee: Dagger            |    57 |    70 |   118 |    23 |       ||   268
       Constrict         |    14 |    20 |    28 |    26 |       ||    88
       Tentacles         |    12 |    13 |    41 |    20 |    10 ||    96
       Punch             |     1 |     1 |     4 |     2 |     1 ||     9
       Staff             |       |       |       |    50 |    19 ||    69
 Cast: Sandblast         |     8 |    33 |   102 |   175 |     6 ||   324
       Stone Arrow       |       |       |    64 |   285 |    24 ||   373
       Petrify           |       |       |       |    18 |     7 ||    25
Evoke: Wand              |       |       |       |     2 |       ||     2
  Use: Scroll            |       |     7 |     3 |    14 |     1 ||    25
       Potion            |       |     2 |       |     3 |     2 ||     7
 Stab: Sleeping          |     6 |     5 |     6 |       |       ||    17
       Distracted        |       |       |     1 |     1 |       ||     2
       Petrified         |       |       |       |       |    11 ||    11
       Petrifying        |       |       |       |       |     1 ||     1
Armor: Skin              |     4 |     1 |     3 |    25 |     3 ||    36
Dodge: Dodged            |    34 |    42 |    74 |   140 |    15 ||   305
Block: Other             |       |       |    25 |    47 |    10 ||    82
       Reflection        |       |       |     2 |     6 |     3 ||    11
